 Dungeon Crawl Stone Soup version 0.24.0-37-gcf1ca852f1 (webtiles) character file.

Game seed: 16936194358510067798, levelgen mode: deterministic

198 NochnoyZador the Chucker (level 5, -3/52 HPs)
             Began as a Troll Hunter on Nov 23, 2019.
             Killed by divine providence
             ... invoked by an orc priest
              (12 damage)
             ... on level 3 of the Dungeon.
             The game lasted 00:09:21 (2692 turns).

NochnoyZador the Chucker (Troll Hunter)             Turns: 2692, Time: 00:09:22

Health: -3/52      AC:  6    Str: 19 (21) XL:     5   Next: 47%
Magic:  4/4        EV:  7    Int:  4 (7)  God:
Gold:   99         SH:  6    Dex: 10      Spells: 4/4 levels left

rFire    . . .     SeeInvis .   j - +0 club
rCold    . . .     Gourm    +   o - +0 shield
rNeg     . . .     Faith    .   b - +0 robe
rPois    .         Spirit   .   (helmet restricted)
rElec    .         Reflect  .   (no cloak)
rCorr    .         Harm     .   (gloves unavailable)
MR       +....                  (boots unavailable)
Stlth    +.........             (no amulet)
HPRegen  0.57/turn              k - ring of protection from magic (curse)
MPRegen  0.09/turn              (no ring)

@: no status effects
A: large, unfitting armour, claws 3, fast metabolism 3, gourmand, regeneration
1, shaggy fur 1, tough skin 3
a: no special abilities


You were on level 3 of the Dungeon.
You were very full.

You visited 1 branch of the dungeon, and saw 3 of its levels.

You collected 99 gold pieces.

Inventory:

Hand Weapons
 j - a +0 club (weapon)
Missiles
 c - 8 large rocks
 d - 2 throwing nets
 g - 93 stones (quivered)
 l - 56 sling bullets
Armour
 b - a +0 robe (worn)
 o - a +0 shield (worn)
Jewellery
 k - a cursed ring of protection from magic (left claw)
Scrolls
 e - 2 scrolls of identify {unknown}
 h - a scroll of teleportation {unknown}
 i - 4 scrolls of remove curse
Potions
 m - 2 potions of heal wounds {unknown}
 n - a potion of resistance {unknown}
Comestibles
 f - 4 rations


   Skills:
 + Level 2.8 Fighting
 + Level 2.2 Maces & Flails
 + Level 4.5 Throwing
 - Level 2.0 Dodging
 - Level 1.0 Stealth


You had 4 spell levels left.
You didn't know any spells.
Your spell library was empty.

Dungeon Overview and Level Annotations

Branches:
Dungeon (3/15)

Altars:
Gozag
Zin

Annotations:
D:3 3 runed translucent doors, Viceroy's ghost, amateur BaSk


Innate Abilities, Weirdness & Mutations

You are too large for most types of armour.
You have claws for hands.
Your metabolism is lightning-fast.
You like to eat raw meat.
Your natural rate of healing is unusually fast.
You are covered in fur. (AC +1)
You have extremely tough skin. (AC +3)


Message History

The orc priest hits you with a +0 falchion!
* * * LOW HITPOINT WARNING * * *
You hit the orc priest.
The orc priest is almost dead.
The orc priest hits you with a +0 falchion.
* * * LOW HITPOINT WARNING * * *
You hit the orc priest but do no damage.
The orc priest is almost dead.
The orc priest hits you with a +0 falchion.
* * * LOW HITPOINT WARNING * * *
You hit the orc priest but do no damage.
The orc priest is almost dead.
You block the orc priest's attack.
The orc priest hits you with a +0 falchion.
* * * LOW HITPOINT WARNING * * *
You hit the orc priest.
The orc priest is almost dead.
The orc priest mumbles some strange prayers to Beogh against you.
Beogh smites you!
You die...

#####'#....########
#..........<...
###....########
#......# # ##.....#
# # #.....# # #.##
#####.....# #
#...####.........#
#
#...ro@'.........#
#
#...####......####
# #... ######.# #
..... ##.#### #
#..... ##รท....###
#...ro #........#
#...o. #........# #
#..o.. #........# #
###'###### #


You could see an orc priest and a rat.

Vanquished Creatures
  8 adders
  2 oozes
  A worm (D:2)
  2 dart slugs (D:1)
  3 leopard geckos
  8 orcs (D:3)
  11 bats
  4 giant cockroaches (D:2)
  7 goblins
  12 hobgoblins
  16 jackals
  A ball python (D:1)
  3 frilled lizards
  6 kobolds
  5 rats
89 creatures vanquished.

Notes
Turn   | Place    | Note
-------+----------+-------------------------------------------
     0 | D:1      | NochnoyZador the Troll Hunter began the quest for the Orb.
     0 | D:1      | Reached XP level 1. HP: 19/19 MP: 0/0
   145 | D:1      | Reached XP level 2. HP: 26/28 MP: 1/1
   570 | D:1      | Reached XP level 3. HP: 35/35 MP: 2/2
   869 | D:2      | Found a glowing silver altar of Zin.
   916 | D:2      | Reached skill level 1 in Maces & Flails
   919 | D:2      | Reached skill level 1 in Stealth
   998 | D:2      | Reached skill level 4 in Throwing
  1050 | D:2      | Reached XP level 4. HP: 16/42 MP: 3/3
  1437 | D:2      | HP: 2/44 [adder (3)]
  1724 | D:2      | Reached XP level 5. HP: 50/50 MP: 4/4
  2030 | D:3      | Found a runed translucent gate.
  2031 | D:3      | Found a runed translucent gate.
  2032 | D:3      | Found a runed translucent gate.
  2032 | D:3      | Noticed Viceroy's ghost (amateur BaSk)
  2032 | D:3      | Identified the +6 whip "Widowermaker" {venom, Fragile rC+
                  | Int+7}
  2176 | D:3      | Found a faded altar of an unknown god.
  2364 | D:3      | Found an opulent altar of Gozag.
  2692 | D:3      | Killed from afar by an orc priest

Levels and vault maps discovered:
D:1:      eino_arrival_water_star, layout_loops_ring
D:2:      layout_loops_cross, zin_academy, kennysheep_generic_room_10
D:3:      layout_basic, lemuel_crystal_altar, chequers_ecumenical_altar_simple,
          gammafunk_ghost_nasty_kobolds

Skill      XL: |  1  2  3  4  5 |
---------------+----------------+-----
Dodging        | 2 |  2.0
Fighting       | 2 |  2.8
Maces & Flails | 1 2 |  2.2
Stealth        | 1 |  1.0
Throwing       | 4 |  4.5

Action                   |  1- 3 |  4- 6 || total
-------------------------+-------+-------++-------
Melee: Short sword       |    18 |       ||    18
       Club              |   200 |   299 ||   499
Throw: Stone             |       |     9 ||     9
  Use: Scroll            |       |     1 ||     1
       Potion            |       |     1 ||     1
 Stab: Sleeping          |     4 |     4 ||     8
  Eat: Chunk             |    16 |    15 ||    31
Armor: Robe              |   131 |   175 ||   306
Dodge: Dodged            |   166 |   209 ||   375
Block: Shield            |       |     6 ||     6
